 Dungeon Crawl Stone Soup version 0.20-a0-345-gbfb25ec (webtiles) character file.

46998 KristoblXynda the Brawler (level 14, -1/118 HPs)
             Began as a Troll Monk on Dec 22, 2016.
             Was a High Priest of Uskayaw.
             Killed from afar by an orc wizard (7 damage)
             ... with a puff of frost
             ... on level 2 of the Orcish Mines.
             The game lasted 00:52:29 (16445 turns).

KristoblXynda the Brawler (Troll Monk)             Turns: 16445, Time: 00:52:29

Health: -1/118     AC:  6    Str: 21 (22) XL:     14   Next: 6%
Magic:  20/20      EV: 17    Int: 10      God:    Uskayaw [*****.]
Gold:   954        SH: 11    Dex:  9 (12) Spells: 13/13 levels left

rFire  . . .     SeeInvis +       - Unarmed
rCold  . . .     Gourm    +     L - +0 troll leather armour
rNeg   . . .     Faith    .     m - +0 shield
rPois  .         Spirit   .     (helmet restricted)
rElec  +         Reflect  .     o - +0 cloak (curse)
rCorr  .         Harm     .     (gloves unavailable)
MR     +....                    (boots unavailable)
Stlth  +.........               (no amulet)
                                g - ring of see invisible
                                y - +4 ring of evasion

@: no status effects
A: unfitting armour, claws 3, hooves 2, deformed body, deterioration 1, fast
metabolism 3, gourmand, regeneration 1, shaggy fur 1, electricity resistance,
tough skin 2
a: Stomp, Line Pass, Grand Finale, Renounce Religion


You were on level 2 of the Orcish Mines.
You worshipped Uskayaw.
Uskayaw was aware of your devotion.
You were very full.

You visited 4 branches of the dungeon, and saw 20 of its levels.

You collected 1145 gold pieces.
You spent 191 gold pieces at shops.

Inventory:

Hand Weapons
 J - the +4 long sword "Figumuc" {elec, rPois Int+5}
   (You found it on level 9 of the Dungeon)

   Occasionally, upon striking a foe, it will discharge some electrical energy
   and cause terrible harm.
   It affects your intelligence (+5).
   It protects you from poison.
 K - a +0 morningstar
Missiles
 b - 4 throwing nets (quivered)
Armour
 m - a +0 shield (worn)
 o - a cursed +0 cloak (worn)
 L - a +0 troll leather armour (worn)
Jewellery
 g - a ring of see invisible (right claw)
 y - a +4 ring of evasion (left claw)
 F - an uncursed ring of positive energy
Wands
 w - a wand of paralysis (13/24)
Scrolls
 a - a scroll of immolation
 d - 3 scrolls of recharging
 I - a scroll of fog
 M - 2 scrolls of remove curse
Potions
 e - a potion of agility
 f - a potion of experience {unknown}
 h - a potion of ambrosia
 i - a potion of berserk rage {unknown}
 l - 9 potions of curing
 n - 3 potions of lignification
 q - 5 potions of flight
 s - a potion of magic
 t - a potion of might
 u - 2 potions of brilliance
 z - a potion of haste
 D - a potion of resistance
 H - a potion of invisibility
Comestibles
 x - 4 meat rations
 A - a beef jerky


   Skills:
 + Level 2.8 Fighting
 - Level 4.9 Maces & Flails
 - Level 8.3 Dodging
 - Level 1.0 Stealth
 - Level 9.0 Shields
 + Level 15.6 Unarmed Combat
 - Level 10.3 Invocations


You had 13 spell levels left.
You didn't know any spells.

Dungeon Overview and Level Annotations

Branches:
Dungeon (11/15)            Temple (1/1) D:4            Lair (6/6) D:10
  Swamp (0/4) Lair:2        Snake (0/4) Lair:3        Slime (0/5) Lair:6
    Orc (2/2) D:11
    Elf: Orc:2

Altars:
Ashenzari
Cheibriados
Dithmenos
Elyvilon
Fedhas
Gozag
Hepliaklqana
Kikubaaqudgha
Makhleb
Nemelex Xobeh
Okawaru
Qazlal
Ru
Sif Muna
Trog
Uskayaw
Vehumet
Xom
Yredelemnul
Zin
The Shining One

Shops:
D:9 ?   Orc:1 !   Orc:2 =

Annotations:
Lair:3 exclusion: oklob plant
Orc:2 Snorg


Innate Abilities, Weirdness & Mutations

You are too large for most types of armour.
You have claws for hands.
Your metabolism is lightning-fast.
You like to eat raw meat.
Your natural rate of healing is unusually fast.
You are covered in fur. (AC +1)
You have very tough skin. (AC +2)
You have hoof-like feet.
Armour fits poorly on your strangely shaped body.
Your body sometimes deteriorates upon taking damage.
You are resistant to electric shocks. (rElec)


Message History

The bolt of fire hits the orc.
The orc dies!
The bolt of fire hits you!
* * * LOW HITPOINT WARNING * * *
Your body deteriorates!
You feel clumsy. The orc warrior closely misses you. The orc wizard misses you.
The orc completely misses you.
Unknown command.
Aiming: Grand Finale
Press: ? - help, Shift-Dir - straight line, f/p - orc warrior
Aim: an orc warrior, wielding a trident and wearing a chain mail (moderately wounded, sharing its pain)
You fail to use your ability.
The orc warrior is no longer sharing its pain.
You block the orc wizard's attack.
The orc warrior hits you with a trident!
* * * LOW HITPOINT WARNING * * *
Your body deteriorates!
You feel clumsy. The orc wizard casts a spell at you.
The puff of frost hits you!
You die...

...$. .#..... ....P
....$.# ......
##.....# .P....
####.....##.
....P.##...........
∩......#.o.ooo.....
........TooT##....
....P..OooOo# .
.......oo@###
........oo3#
...........).
..#.........o..
......#....$.4...
....^.#..........
.......#........#
.. .####.......


You could see Snorg (berserk), a soul eater, a troll, a chaos spawn, an orc
sorcerer, 5 orc warriors, 2 ogres, 4 orc wizards and 4 orcs.

Vanquished Creatures
  Harold (Lair:2)
  2 hydras
  Erica (D:11)
  Erolcha (Orc:1)
  4 two-headed ogres
  4 death yaks (Lair:4)
  Nergalle (Orc:1)
  A skeletal warrior (D:11)
  An ugly thing (D:11)
  An orc sorcerer (Orc:2)
  9 elephants
  3 black mambas
  Maurice (Orc:2)
  The ghost of Yermak the Chopper, a novice VSWn of Uskayaw (D:9)
  2 torpor snails
  8 spiny frogs
  A gargoyle (D:11)
  4 rime drakes
  12 komodo dragons
  3 trolls
  A queen bee (D:8)
  10 blink frogs
  9 hippogriffs
  A wraith (D:11)
  Sigmund (D:3)
  3 wyverns
  41 yaks
  Eustachio (D:5)
  4 fire bats (Lair:3)
  3 basilisks
  2 fire elementals
  2 hungry ghosts
  6 swamp worms (Lair:2)
  4 wargs
  2 nagas (Lair:3)
  9 water moccasins
  10 porcupines
  10 orc warriors
  2 ice beasts
  Purgy (D:4)
  A black bear (D:11)
  3 sky beasts
  A hornet zombie (D:9)
  2 necrophages (D:7)
  13 ogres
  2 phantoms
  5 centaurs
  2 wolves
  9 crocodiles
  3 big kobolds
  12 bullfrogs
  The ghost of Yermak the Sneak, an amateur VSWn of Hepliaklqana (D:4)
  3 gnoll sergeants (D:11)
  2 scorpions
  A water moccasin skeleton (D:7)
  6 wights
  21 killer bees
  A howler monkey (D:5)
  5 electric eels
  7 crimson imps
  A jelly (D:10)
  3 quasits
  2 bullfrog zombies
  4 hounds
  A gnoll shaman (D:6)
  8 orc priests
  17 orc wizards
  4 iguanas
  2 bullfrog skeletons
  Natasha (thrice) (D:4)
  Terence (D:3)
  A centaur skeleton (D:9)
  9 worker ants
  4 worker ant zombies
  8 gnolls
  13 adders
  2 shadow imps
  An ooze (D:1)
  2 worms (D:3)
  4 dart slugs
  5 leopard geckos
  40 orcs
  16 bats
  8 giant cockroaches
  12 goblins
  14 hobgoblins
  18 jackals
  7 quokkas
  6 ball pythons
  7 frilled lizards
  24 kobolds
  7 rats
  A fungus (Lair:2)
538 creatures vanquished.

Vanquished Creatures (others)
  3 orcs
  12 fungi
  7 plants
22 creatures vanquished.

Grand Total: 560 creatures vanquished

Notes
Turn   | Place    | Note
-------+----------+-------------------------------------------
     0 | D:1      | KristoblXynda the Troll Monk began the quest for the Orb.
     0 | D:1      | Reached XP level 1. HP: 22/22 MP: 0/0
   128 | D:1      | Reached XP level 2. HP: 29/29 MP: 1/1
   392 | D:1      | Reached XP level 3. HP: 36/36 MP: 2/2
   889 | D:2      | Reached skill level 4 in Unarmed Combat
   999 | D:2      | Reached XP level 4. HP: 44/44 MP: 3/3
  1358 | D:3      | Noticed Terence
  1363 | D:3      | Killed Terence
  1423 | D:3      | Noticed Sigmund
  1429 | D:3      | Killed Sigmund
  1429 | D:3      | Reached skill level 5 in Unarmed Combat
  1429 | D:3      | Reached XP level 5. HP: 44/50 MP: 4/4
  1585 | D:3      | Reached XP level 6. HP: 59/59 MP: 5/5
  1923 | D:3      | Reached skill level 1 in Shields
  2275 | D:4      | Noticed Yermak's ghost (amateur VSWn)
  2300 | D:4      | Killed Yermak's ghost
  2364 | D:4      | Reached skill level 6 in Unarmed Combat
  2391 | D:4      | Found a staircase to the Ecumenical Temple.
  2416 | D:4      | Found a sacrificial altar of Ru.
  2439 | Temple   | Entered the Ecumenical Temple
  2630 | Temple   | Became a worshipper of Uskayaw the Reveler
  2630 | Temple   | Reached * piety under Uskayaw
  2811 | D:4      | Noticed Purgy
  2817 | D:4      | Reached ** piety under Uskayaw
  2818 | D:4      | Killed Purgy
  2818 | D:4      | Reached XP level 7. HP: 61/66 MP: 6/6
  2818 | D:4      | Reached *** piety under Uskayaw
  2917 | D:4      | Found a sparkling altar of Nemelex Xobeh.
  2917 | D:4      | Found a glowing golden altar of the Shining One.
  2922 | D:4      | Noticed Natasha
  2922 | D:4      | Found a snail-covered altar of Cheibriados.
  2924 | D:4      | Found a basalt altar of Yredelemnul.
  2935 | D:4      | Killed Natasha
  2955 | D:4      | Noticed Natasha
  2960 | D:4      | Killed Natasha
  3268 | D:4      | Noticed Natasha
  3279 | D:4      | Killed Natasha
  3363 | D:5      | Entered Level 5 of the Dungeon
  3414 | D:5      | Reached skill level 7 in Unarmed Combat
  3496 | D:5      | Noticed Eustachio
  3510 | D:5      | Killed Eustachio
  3510 | D:5      | Reached XP level 8. HP: 73/74 MP: 7/7
  4036 | D:6      | Reached skill level 5 in Dodging
  4103 | D:6      | Reached **** piety under Uskayaw
  4313 | D:6      | Reached skill level 8 in Unarmed Combat
  4793 | D:7      | Found a deep blue altar of Sif Muna.
  4800 | D:7      | Reached XP level 9. HP: 79/80 MP: 8/8
  4801 | D:7      | Reached skill level 5 in Shields
  4918 | D:7      | Found a burning altar of Makhleb.
  4921 | D:7      | Found a glowing silver altar of Zin.
  4921 | D:7      | Noticed an angel
  4921 | D:7      | Noticed an Executioner
  5022 | D:7      | Reached skill level 9 in Unarmed Combat
  5445 | D:8      | Noticed a two-headed ogre
  5463 | D:8      | Killed a two-headed ogre
  5465 | D:8      | Reached XP level 10. HP: 58/88 MP: 9/9
  5733 | D:8      | Reached skill level 10 in Unarmed Combat
  5893 | D:8      | Gained mutation: You are partially covered in yellow scales. (AC +2) [mutagenic meat]
  5894 | D:8      | Gained mutation: You have large cloven feet. [mutagenic meat]
  5895 | D:8      | Gained mutation: You are resistant to electric shocks. (rElec) [mutagenic meat]
  5896 | D:8      | Gained mutation: Your body sometimes deteriorates upon taking damage. [mutagenic meat]
  5897 | D:8      | Gained mutation: Armour fits poorly on your strangely shaped body. [mutagenic meat]
  6161 | D:8      | Reached ***** piety under Uskayaw
  6184 | D:8      | Noticed a two-headed ogre
  6193 | D:8      | Killed a two-headed ogre
  6741 | D:9      | Found Zuuc's Magic Scroll Emporium.
  6751 | D:9      | Got a crude falchion
  6752 | D:9      | Identified the +1 falchion of the Priest {protect, rN++} (You found it on level 9 of the Dungeon)
  6942 | D:9      | Noticed Yermak's ghost (novice VSWn)
  6958 | D:9      | Killed Yermak's ghost
  7024 | D:9      | Noticed a two-headed ogre
  7030 | D:9      | Killed a two-headed ogre
  7030 | D:9      | Reached skill level 11 in Unarmed Combat
  7030 | D:9      | Reached XP level 11. HP: 84/94 MP: 10/10
  7036 | D:9      | Got a crystal long sword
  7041 | D:9      | Identified the +4 long sword "Figumuc" {elec, rPois Int+5} (You found it on level 9 of the Dungeon)
  7078 | D:10     | Entered Level 10 of the Dungeon
  7376 | D:10     | Found a staircase to the Lair.
  7431 | D:10     | Reached ****** piety under Uskayaw
  7737 | D:11     | Noticed a green ugly thing
  7899 | D:10     | Noticed a two-headed ogre
  7906 | D:10     | Killed a two-headed ogre
  7951 | D:11     | Killed a green ugly thing
  8068 | D:11     | Got a shimmering long sword
  8069 | D:11     | Identified the cursed +0 long sword of Muxuttul {venom, rN+ Dex+3} (You found it on level 11 of the Dungeon)
  8074 | D:11     | Noticed Erica
  8105 | D:9      | Bought a scroll of remove curse for 42 gold pieces
  8109 | D:9      | Bought a scroll of identify for 28 gold pieces
  8224 | D:11     | Reached skill level 12 in Unarmed Combat
  8225 | D:11     | Found a staircase to the Orcish Mines.
  8237 | D:11     | Reached skill level 1 in Invocations
  9042 | D:11     | Noticed a skeletal warrior
  9054 | D:11     | Noticed a skeletal warrior
  9054 | D:11     | Killed Erica
  9060 | D:11     | Noticed a skeletal warrior
  9060 | D:11     | Noticed a skeletal warrior
  9060 | D:11     | Killed a skeletal warrior
  9193 | Lair:1   | Entered Level 1 of the Lair of Beasts
  9306 | Lair:1   | Reached XP level 12. HP: 95/104 MP: 14/14
  9633 | Lair:1   | Reached skill level 13 in Unarmed Combat
 10197 | Lair:2   | Reached skill level 5 in Invocations
 10251 | Lair:2   | Noticed Harold
 10282 | Lair:2   | Killed Harold
 10682 | Lair:2   | Found a staircase to the Swamp.
 11859 | Lair:3   | Reached skill level 14 in Unarmed Combat
 12173 | Lair:3   | Found a staircase to the Snake Pit.
 12564 | Lair:4   | Reached skill level 1 in Maces & Flails
 12566 | Lair:4   | Reached XP level 13. HP: 89/110 MP: 18/18
 13573 | Lair:5   | Found a dark tunnel.
 14087 | Lair:5   | Lost mutation: You are partially covered in yellow scales. (AC +2) [potion of mutation]
 14087 | Lair:5   | Gained mutation: You have hoof-like feet. [potion of mutation]
 14513 | Lair:6   | Entered Level 6 of the Lair of Beasts
 14635 | Lair:6   | Reached skill level 15 in Unarmed Combat
 15219 | Lair:6   | Found a staircase to the Slime Pits.
 15456 | Lair:6   | HP: 5/110 [blink frog (13)]
 15480 | Lair:6   | Reached skill level 10 in Invocations
 15485 | Lair:6   | HP: 2/110 [blink frog (11)]
 15737 | Orc:1    | Entered Level 1 of the Orcish Mines
 15740 | Orc:1    | Found Ratu's Distillery.
 15741 | Orc:1    | Noticed Nergalle
 15752 | Orc:1    | Killed Nergalle
 15771 | Orc:1    | Bought a potion of ambrosia for 88 gold pieces
 15771 | Orc:1    | Bought a potion of curing for 33 gold pieces
 15926 | Orc:1    | Noticed Erolcha
 15956 | Orc:1    | Killed Erolcha
 15956 | Orc:1    | Reached XP level 14. HP: 41/118 MP: 20/20
 16414 | Orc:2    | Entered Level 2 of the Orcish Mines
 16414 | Orc:2    | Found Wotetila's Jewellery Shop.
 16414 | Orc:2    | Noticed Maurice
 16421 | Orc:2    | Noticed Snorg
 16423 | Orc:2    | Killed Maurice
 16445 | Orc:2    | Killed from afar by an orc wizard

Vault maps used:
D:1:      saegor_arrival_simple_b, st_stairs_8, minmay_quantized
D:2:      kennysheep_generic_room_5
D:3:      uniq_terence, uniq_sigmund
D:4:      grunt_temple_overflow_open, first_bread,
          nicolae_ru_sacrificial_ziggurat, uniq_purgy, uniq_natasha
D:5:      minmay_strange_pillars, hangedman_abyss_or_decor_stabs, uniq_eustachio
D:7:      grunt_temple_overflow_order_and_chaos_2, basic_altar
D:8:      david_nohive_1
D:9:      serial_shops, nicolae_shop_trees
D:10:     erik_lair_orcish_takeover
D:11:     kennysheep_orc_monster_closet_entryway, uniq_erica
Temple:   regret_index_temple_generic_petals
Lair:1:   serial_bayou_shore_a
Lair:2:   nicolae_swamp_entry_splash_gauntlet, minivault_11,
          beast_lair_carwin_8, uniq_harold
Lair:3:   guppyfry_snake_entry_garden, minmay_lair_oklob_chamber,
          serial_bayou_shore_b
Lair:5:   lightli_volcano_entry_magma_tube
Lair:6:   evil_forest, dpeg_slime_entry_corner, dpeg_oklob_1
Orc:1:    basic_altar, serial_shops, shop, uniq_josephine, uniq_erolcha,
          uniq_nergalle
Orc:2:    grunt_orc_gardens, grunt_orc_garden, grunt_orc_garden,
          grunt_orc_garden, grunt_orc_garden, lab_entry_generic, uniq_donald,
          uniq_maurice, uniq_snorg

Skill      XL: |  1  2  3  4  5  6  7  8  9 10 11 12 13 |
---------------+----------------------------------------+-----
Dodging        | 3 4 5 7 8 |  8.3
Unarmed Combat | 4 5 6 7 8 9 11 12 14 15 | 15.6
Shields        | 2 3 4 6 7 9 |  9.0
Invocations    | 4 8 10 | 10.3
Maces & Flails | 1 4 |  4.9
Fighting       | |  2.8
Stealth        | |  1.0

Action                   |  1- 3 |  4- 6 |  7- 9 | 10-12 | 13-15 || total
-------------------------+-------+-------+-------+-------+-------++-------
Melee: Unarmed           |   109 |   119 |   329 |   895 |   396 ||  1848
       Punch             |     1 |     4 |     2 |       |       ||     7
       Kick              |       |       |       |   228 |   128 ||   356
       Morningstar       |       |       |       |       |    23 ||    23
Invok: Stomp             |       |       |       |       |     1 ||     1
Evoke: Wand              |       |       |       |     2 |    11 ||    13
  Use: Scroll            |       |     8 |     7 |    13 |    12 ||    40
       Potion            |       |     1 |     1 |     5 |    15 ||    22
 Stab: Sleeping          |     2 |     4 |       |       |       ||     6
       Paralysed         |       |       |    12 |    43 |    39 ||    94
  Eat: Chunk             |    15 |    10 |    24 |    76 |    36 ||   161
       Meat ration       |       |       |     1 |       |       ||     1
Armor: Robe              |    37 |    33 |    76 |    34 |       ||   180
       Troll leather arm |       |       |       |    78 |    43 ||   121
       Skin              |       |       |       |    28 |    79 ||   107
Dodge: Dodged            |    63 |    67 |   175 |   318 |   252 ||   875
Block: Shield            |       |       |    97 |   414 |   223 ||   734
